Map: [ESL] Tropical Sacrifice

Players

Reynor

  • Race: Zerg Zerg
  • Spawn Location: 7:00

Bunny - Winner!

  • Race: Terran Terran
  • Spawn Location: 1:00

Event: DreamHack SC2 Masters 2022 Valencia

VOD

Have the link to the VOD?

Description

Time

  • Played on: July 2, 2022, 11:01 a.m.
  • Length: 9:12

All games in this series

Show
View Real Time Build Order
Export as new Build Order

Reynor Zerg 

Build Orders: Pool First 

Get SALT Encoding   

  12  0:00  Drone  
  13  0:12  Overlord  
  13  0:17  Drone  
  14  0:31  Drone x2  
  16  0:41  Spawning Pool  
  15  0:45  Drone  
  15  0:49  Drone  
  17  1:10  Hatchery  
  16  1:12  Drone  
  17  1:28  Zergling x4  
  17  1:29  Zergling x2  
  17  1:31  Queen  
  22  1:38  Extractor  
  21  1:40  Overlord  
  21  1:49  Drone  
  22  2:00  Drone  
  23  2:08  Queen  
  25  2:11  Drone  
  26  2:22  Drone  
  27  2:23  Drone  
  27  2:24  Queen  
  30  2:34  Drone x2  
  31  2:39  Overlord  
  31  2:40  Drone x2  
  33  2:47  Metabolic Boost  
  33  2:49  Drone  
  34  2:55  Drone x2  
  34  2:57  Drone  
  36  3:13  Drone, Hatchery  
  36  3:15  Drone  
  36  3:21  Drone x2  
  38  3:29  Drone x2  
  38  3:32  Zergling x6  
  43  3:35  Overlord  
  43  3:37  Drone  
  44  3:44  Overlord  
  44  3:50  Baneling Nest  
  44  3:51  Drone  
  44  3:53  Queen  
  44  3:55  Zergling x4  
  48  3:58  Queen  
  50  4:03  Zergling x4  
  50  4:04  Zergling x2  
  50  4:07  Drone x2  
  50  4:09  Drone  
  56  4:13  Zergling x4  
  56  4:16  Overlord  
  58  4:19  Drone  
  59  4:24  Overlord  
  59  4:27  Drone  
  59  4:30  Queen, Drone  
  63  4:35  Baneling x3  
  63  4:36  Drone  
  64  4:38  Drone  
  64  4:41  Overlord  
  64  4:42  Queen  
  67  4:46  Baneling  
  67  4:48  Overlord  
  67  4:50  Drone  
  69  4:52  Drone  
  69  4:58  Overlord  
  70  5:00  Drone  
  70  5:03  Drone x4  
  70  5:04  Lair  
  70  5:06  Extractor  
  73  5:08  Drone  
  73  5:09  Queen  
  73  5:11  Drone  
  77  5:14  Spore Crawler  
  77  5:17  Drone x2  
  77  5:18  Drone  
  77  5:19  Drone x2  
  79  5:21  Overlord  
  76  5:32  Zergling x2  
  76  5:33  Zergling x4  
  76  5:35  Queen  
  79  5:39  Zergling x2  
  79  5:41  Zergling x8  
  86  5:43  Zergling x2  
  86  5:44  Hatchery  
  86  5:47  Queen  
  88  5:52  Zergling x2  
  87  5:58  Drone x2  
  87  6:00  Drone x2  
  87  6:03  Zergling x6  
  92  6:07  Zergling x6  
  92  6:09  Centrifugal Hooks  
  92  6:12  Zergling x2  
  92  6:14  Zergling x2  
  92  6:15  Zergling x2  
  92  6:16  Queen  
  97  6:19  Overlord x2  
  97  6:25  Baneling x10  
  97  6:33  Zergling x2  
  97  6:36  Overlord  
  97  6:38  Zergling x14  
  99  6:42  Zergling x2  
  99  6:45  Queen  
  99  6:46  Zergling x2  
  98  6:48  Zergling x8  
  98  6:51  Queen  
  104  6:58  Zergling x10  
  109  7:03  Zergling x2  
  109  7:06  Queen  
  99  7:11  Zergling x4  
  99  7:14  Baneling  
  99  7:15  Baneling x9  
  92  7:16  Zergling x4  
  92  7:18  Zergling x2  
  90  7:24  Zergling x8  
  90  7:27  Queen  
  90  7:28  Zergling x2  
  82  7:33  Zergling x2  
  82  7:35  Zergling x2  
  82  7:36  Zergling x4  
  85  7:37  Zergling x2  
  85  7:39  Zergling x2  
  85  7:41  Zergling x2  
  85  7:42  Queen  
  87  7:46  Zergling x2  
  87  7:47  Zergling x2  
  87  7:48  Baneling  
  87  7:49  Baneling x5  
  87  7:50  Zergling x2  
  87  7:52  Zergling x2  
  87  7:54  Queen  
  87  7:58  Zergling x2  
  90  7:59  Zergling x2  
  90  8:01  Zergling x6  
  90  8:02  Queen, Zergling x2  
  90  8:03  Zergling x6  
  100  8:10  Zergling x2  
  94  8:14  Zergling x4  
  86  8:20  Zergling x2  
  86  8:23  Queen  
  86  8:26  Zergling x4  
  83  8:28  Zergling x2  
  83  8:30  Zergling x6  
  82  8:34  Queen  
  82  8:35  Zergling x2  
  82  8:36  Zergling x2  
  78  8:41  Zergling x2  
  78  8:42  Baneling x4  
  78  8:46  Zergling x2  
  78  8:47  Zergling x2  
  82  8:52  Zergling x2  
  82  8:53  Baneling x3  
Show
View Real Time Build Order
Export as new Build Order

Bunny Terran - Winner!

Build Orders: Command Center First (CC), Hellion Opening 

Get SALT Encoding   

  12  0:00  SCV  
  13  0:12  SCV  
  14  0:17  Supply Depot  
  14  0:24  SCV  
  15  0:39  SCV  
  16  0:51  SCV  
  17  1:00  Command Center  
  17  1:03  SCV  
  18  1:14  Barracks  
  18  1:17  SCV  
  19  1:23  Refinery  
  19  1:29  SCV  
  20  1:33  Refinery  
  20  1:41  SCV  
  21  1:53  SCV  
  22  2:01  Marine  
  22  2:06  Orbital Command  
  23  2:11  Factory  
  23  2:15  Orbital Command  
  23  2:20  Barracks Reactor  
  22  2:37  SCV  
  24  2:46  Supply Depot  
  23  2:51  SCV  
  23  2:52  SCV  
  25  3:00  Starport  
  25  3:03  Hellion  
  29  3:05  Hellion  
  29  3:08  Barracks Tech Lab, SCV  
  29  3:11  SCV  
  31  3:17  Supply Depot  
  31  3:25  Hellion  
  35  3:27  Hellion  
  35  3:30  Stimpack  
  35  3:33  SCV x2  
  37  3:39  Viking  
  39  3:43  Supply Depot  
  39  3:46  SCV x2  
  41  3:51  Hellion  
  43  3:57  Hellion  
  43  3:59  Marine  
  46  4:05  SCV x2  
  46  4:07  Supply Depot  
  48  4:17  SCV x2  
  48  4:24  Barracks  
  50  4:26  Barracks, Starport Reactor  
  50  4:28  Marine  
  50  4:29  SCV x2, Factory Tech Lab  
  53  4:34  Engineering Bay  
  53  4:39  Supply Depot  
  53  4:41  SCV x2  
  55  4:49  Barracks x2  
  55  4:57  Siege Tank  
  55  4:58  Marine  
  59  5:02  SCV x2  
  61  5:07  Supply Depot  
  61  5:08  Terran Infantry Weapons Level 1  
  61  5:16  Starport Reactor  
  60  5:23  Combat Shield, Marine x4  
  60  5:24  Marine  
  64  5:30  Siege Tank  
  64  5:32  Supply Depot  
  64  5:33  SCV x2  
  69  5:36  Supply Depot  
  69  5:37  Marine x2  
  69  5:41  Marine x2  
  73  5:46  Marine  
  73  5:47  Marine x2  
  76  5:50  Refinery  
  76  5:55  Marine x2  
  78  5:58  Marine  
  78  5:59  Marine  
  78  6:00  Medivac x2  
  82  6:04  Marine x3  
  82  6:08  Siege Tank  
  88  6:12  Supply Depot  
  88  6:13  Marine x2  
  88  6:16  Marine  
  88  6:17  Marine  
  92  6:22  Marine x2  
  94  6:33  Medivac, Marine x2  
  94  6:34  Supply Depot  
  94  6:35  Supply Depot x2  
  95  6:42  Marine x5  
  97  6:48  Siege Tank  
  97  6:51  Marine x2  
  102  6:55  Medivac  
  102  7:00  Marine x3  
  97  7:17  Marine x3  
  97  7:18  Marine x4  
  101  7:22  Medivac  
  95  7:34  Siege Tank  
  95  7:35  Marine x5  
  95  7:36  Marine x2  
  97  7:53  Marine x7  
  101  7:59  Medivac  
  103  8:05  Medivac  
  103  8:11  Marine x7  
  105  8:15  Siege Tank  
  87  8:28  Marine  
  87  8:29  Marine x6  
  84  8:39  Medivac  
  82  8:46  Marine  
  82  8:47  Marine x6  

Tags
 
Add a new tag
Caveats
  • Supply blocks, unpowered buildings, or Contaminate may cause inaccurate times.
  • Supply counts are checked every 10 seconds.